 Dungeon Crawl Stone Soup version 0.28.0-43-g3370ac3207 (webtiles) character file.

Game seed: 9123734461740432277

27 Descartes the Chucker (level 2, 0/13 HPs)
             Began as a Spriggan Wanderer on Feb 27, 2022.
             Slain by an adder (1 damage)
             ... on level 2 of the Dungeon.
             The game lasted 00:02:06 (2006 turns).

Descartes the Chucker (Spriggan Wanderer)           Turns: 2006, Time: 00:02:07

Health: 0/13       AC:  2    Str:  8    XL:     2   Next: 93%
Magic:  5/5        EV: 16    Int: 13    God:
Gold:   40         SH:  0    Dex: 14    Spells: 2/3 levels left

rFire   . . .      SeeInvis +   a - +2 dagger
rCold   . . .      Faith    .   (no shield)
rNeg    . . .      Spirit   .   d - +0 robe
rPois   .          Reflect  .   (helmet restricted)
rElec   .          Harm     .   (no cloak)
rCorr   .          Rampage  .   (gloves unavailable)
Will    .....                   (boots unavailable)
Stlth   ++........              (no amulet)
HPRegen 0.04/turn               (no ring)
MPRegen 0.09/turn               (no ring)

@: lethally poisoned (0 -> -6), very quick
A: very small, no large weapons, unfitting armour, see invisible, speed 3
a: no special abilities


You were on level 2 of the Dungeon.
You visited 1 branch of the dungeon, and saw 2 of its levels.

You collected 40 gold pieces.

Inventory:

Hand Weapons
 a - a +2 dagger (weapon)
Missiles
 b - a curare-tipped dart (quivered)
 i - 30 stones
 j - 27 sling bullets
 k - 29 arrows
Armour
 d - a +0 robe (worn)
Wands
 c - a wand of flame (4)
Scrolls
 f - 2 scrolls of enchant weapon {unknown}
 g - a scroll of noise {unknown}
Potions
 e - a potion of curing {unknown}
 h - a potion of flight {unknown}
 l - a potion of mutation {unknown}


   Skills:
 + Level 1.0 Short Blades
 + Level 4.1 Throwing
 + Level 2.1 Dodging
 * Level 3.2 Stealth
 - Level 1.3 Spellcasting
 - Level 1.5 Summonings
 - Level 1.3 Evocations


You had 2 spell levels left.
You knew the following spells:

 Your Spells              Type           Power      Damage    Failure   Level
a - Summon Small Mammal   Summ           16%        N/A       14%         1

Your spell library contained the following spells:

 Spells                   Type           Power      Damage    Failure   Level
 Summon Guardian Golem    Hex/Summ       2%         N/A       52%         3


Dungeon Overview and Level Annotations

Branches:
Dungeon (2/15)

Altars:


Innate Abilities, Weirdness & Mutations

You are very small and have problems with some larger weapons.
You are too small for most types of armour.
You have supernaturally acute eyesight. (SInv)
You cover ground extremely quickly. (Speed+++)


Message History

You closely miss the adder.
The adder is heavily wounded.
The adder closely misses you.
You hit the adder but do no damage.
The adder is heavily wounded.
The adder closely misses you. The adder bites you.
You are poisoned.
The adder poisons you!
You hit the adder.
The adder is severely wounded.
You feel sick. The adder bites you.
You are lethally poisoned!
The adder poisons you!
You are too injured to fight recklessly!
You are too injured to fight recklessly!
You are too injured to fight recklessly!
You are too injured to fight recklessly!
You are too injured to fight recklessly!
You are too injured to fight recklessly!
You are too injured to fight recklessly!
You are too injured to fight recklessly!
You are too injured to fight recklessly!
You are too injured to fight recklessly!
You are too injured to fight recklessly!
You are too injured to fight recklessly!
You are too injured to fight recklessly!
You are too injured to fight recklessly!
You are too injured to fight recklessly!
You are too injured to fight recklessly!
You are too injured to fight recklessly!
You closely miss the adder.
The adder is severely wounded.
* * * LOW HITPOINT WARNING * * *
You feel very sick. The adder barely misses you.
You barely miss the adder.
The adder is severely wounded.
* * * LOW HITPOINT WARNING * * *
You feel sick. The adder bites you.
You die...

##### #...#
#####!..#
#...'@S.#
##.##...#
#...#...#
########.###...#
...........#.....
.#######.#.#######
...............
#.#######.#######
#............#


You could see an adder.

Vanquished Creatures
  4 ball pythons (D:1)
  3 bats
  An endoplasm (D:2)
  A giant cockroach (D:1)
  3 hobgoblins
  A jackal (D:1)
  2 quokkas (D:1)
  4 frilled lizards (D:1)
  4 kobolds
  A rat (D:1)
24 creatures vanquished.

Vanquished Creatures (others)
  3 plants (D:1)
  7 withered plants (D:1)
10 creatures vanquished.

Grand Total: 34 creatures vanquished

Notes
Turn   | Place    | Note
-------+----------+-------------------------------------------
     0 | D:1      | Descartes the Spriggan Wanderer began the quest for the
                  | Orb.
     0 | D:1      | Descartes set off with the following items: a +2 dagger, a
                  | curare-tipped dart, a wand of flame (4), a +0 robe; and the
                  | following spell memorised: Summon Small Mammal; and the
                  | following spells available to memorise: Summon Guardian
                  | Golem
     0 | D:1      | Reached XP level 1. HP: 9/9 MP: 3/3
   746 | D:1      | Reached XP level 2. HP: 8/13 MP: 5/5
  1154 | D:1      | Found a faded altar of an unknown god.
  1300 | D:1      | Reached skill level 1 in Short Blades
  2006 | D:2      | Slain by an adder

Illustrated notes

Levels and vault maps discovered:
D:1:      heliophobic_arrival_battle_scene, layout_basic,
          shapermc_ecumenical_altar_flowoftime, kennysheep_flooded_box,
          corexii_leaking_fountain, minmay_pentomino_v2
D:2:      layout_basic, minmay_tripent

Skill      XL: |  1  2 |
---------------+-------+-----
Stealth        | 2 3 |  3.2
Dodging        | 2 |  2.1
Short Blades   | 1 |  1.0
Throwing       | |  4.1
Spellcasting   | |  1.3
Summonings     | |  1.5
Evocations     | |  1.3

Action                   || total
-------------------------++-------
Melee: Dagger            ||   112
       Punch             ||     2
 Stab: Sleeping          ||     2
Armor: Robe              ||     9
Dodge: Dodged            ||    96
